 Dungeon Crawl Stone Soup version 0.29-a0-231-g945431f764 (webtiles) character file.

Game seed: 17359755712308588908

1834 Ajdolov the Quickloader (level 9, 0/69 HPs)
             Began as a Formicid Hunter on Feb 28, 2022.
             Was an Initiate of Fedhas.
             Succumbed to a hornet's poison
             ... on level 7 of the Dungeon.
             The game lasted 00:26:24 (11252 turns).

Ajdolov the Quickloader (Formicid Hunter)          Turns: 11252, Time: 00:26:24

Health: 0/69       AC:  5    Str: 16    XL:     9   Next: 33%
Magic:  9/9        EV: 12    Int: 12    God:    Fedhas [......]
Gold:   296        SH:  0    Dex: 15    Spells: 8/8 levels left

rFire   + . .      SeeInvis +   a - +1 hand crossbow
rCold   . . .      Faith    .   (no shield)
rNeg    . . .      Spirit   .   s - +2 leather armour {rF+}
rPois   .          Reflect  .   (helmet unavailable)
rElec   .          Harm     .   (no cloak)
rCorr   .          Rampage  .   (no gloves)
Will    .....                   (no boots)
Stlth   ++........              (no amulet)
HPRegen 0.21/turn               (no ring)
MPRegen 0.11/turn               (no ring)

@: lethally poisoned (0 -> -11)
A: permanent stasis, dig shafts and tunnels, antennae 3, four strong arms
a: Dig, Shaft Self, Renounce Religion


You were on level 7 of the Dungeon.
You worshipped Fedhas.
Fedhas was noncommittal.
You visited 2 branches of the dungeon, and saw 8 of its levels.
You also visited: Ossuary.

You collected 296 gold pieces.

Inventory:

Hand Weapons
 a - a +1 hand crossbow (weapon)
 b - a +1 dagger of speed
Armour
 s - a +2 leather armour of fire resistance (worn)
Jewellery
 c - an amulet of magic regeneration
Wands
 m - a wand of paralysis (1)
Scrolls
 d - 2 scrolls of fog {unknown}
 g - a scroll of vulnerability {unknown}
 h - a scroll of amnesia {unknown}
 i - 3 scrolls of teleportation
 j - 2 scrolls of summoning {unknown}
 k - 2 scrolls of noise {unknown}
 n - a scroll of magic mapping {unknown}
 o - 5 scrolls of identify {unknown}
 r - a scroll of enchant weapon {unknown}
 v - 2 scrolls of blinking {unknown}
 w - a scroll of fear {unknown}
Potions
 e - a potion of lignification {unknown}
 f - a potion of attraction {unknown}
 l - 2 potions of flight {unknown}
 q - a potion of mutation {unknown}
 t - a potion of invisibility {unknown}
 u - 2 potions of ambrosia {unknown}
 x - a potion of berserk rage


   Skills:
 + Level 6.1 Fighting
 * Level 11.0 Crossbows
 - Level 1.7 Dodging
 - Level 1.2 Stealth


You had 8 spell levels left.
You didn't know any spells.
Your spell library contained the following spells:

 Spells                   Type           Power      Damage    Failure   Level
 Animate Skeleton         Necr           0%         N/A       38%         1
 Shock                    Conj/Air       0%         1d3       38%         1
 Airstrike                Air            0%         N/A       99%         4
 Swiftness                Air            Unusable   N/A       N/A         3

Dungeon Overview and Level Annotations

Branches:
Dungeon (7/15)             Temple (1/1) D:6         Ossuary (visited)

Altars:
Ashenzari
Cheibriados
Elyvilon
Fedhas
Gozag
Hepliaklqana
Kikubaaqudgha
Nemelex Xobeh
Okawaru
Qazlal
Ru
Sif Muna
Vehumet
Xom
Yredelemnul
Zin
The Shining One

Shops:
D:6 *


Innate Abilities, Weirdness & Mutations

You cannot be hasted, slowed, berserked, paralysed or teleported.
You can dig through walls and to a lower floor.
You have a pair of large antennae on your head. (SInv)
Your four strong arms can wield two-handed weapons with a shield.


Message History

Your stasis prevents you from being slowed.
Shoot: a) +1 hand crossbow
Press: ? - help, Q - select action, (/) - cycle Shift-Dir - straight line, f/p - hornet
Aim: a hornet (58% to hit)
You shoot a bolt. The bolt hits the hornet!
The hornet is moderately wounded.
You feel sick. The hornet closely misses you. The hornet stings you!
Your stasis prevents you from being slowed.
Shoot: a) +1 hand crossbow
Press: ? - help, Q - select action, (/) - cycle Shift-Dir - straight line, f/p - hornet
Aim: a hornet (moderately wounded, 58% to hit)
You shoot a bolt. The bolt hits the hornet.
The hornet is heavily wounded.
You feel sick. The hornet closely misses you.
Shoot: a) +1 hand crossbow
Press: ? - help, Q - select action, (/) - cycle Shift-Dir - straight line, f/p - hornet
Aim: a hornet (heavily wounded, 58% to hit)
You shoot a bolt.
The bolt hits the hornet but does no damage.
The hornet is heavily wounded.
You feel sick. The hornet stings you!
* * * LOW HITPOINT WARNING * * *
Your stasis prevents you from being slowed.
The hornet stings you!
* * * LOW HITPOINT WARNING * * *
You are lethally poisoned!
Your stasis prevents you from being slowed.
Shoot: a) +1 hand crossbow
Press: ? - help, Q - select action, (/) - cycle Shift-Dir - straight line, f/p - hornet
Aim: a hornet (heavily wounded, 58% to hit)
You shoot a bolt. The bolt closely misses the hornet.
* * * LOW HITPOINT WARNING * * *
You feel very sick.
The hornet stings you but does no damage.
Shoot: a) +1 hand crossbow
Press: ? - help, Q - select action, (/) - cycle Shift-Dir - straight line, f/p - hornet
Aim: a hornet (heavily wounded, 58% to hit)
You shoot a bolt. The bolt barely misses the hornet.
You die...
Fedhas appreciates your contribution to the ecosystem.

##### #...#
###...###
####.......###
#.............
#@##.......###
#y####...#.#
#.# #...#.#
#/#
##.##.#######
#.#
#...........
#.# #..#.####
#. #.# #..#.#
#. ...
##.y#.#### #.
#........###.


You could see a hornet.

Vanquished Creatures
  Sigmund (D:5)
  Menkaure (D:4)
  A water moccasin (D:7)
  An ogre (D:4)
  3 centaurs
  2 phantoms
  A bullfrog (D:7)
  3 wights (D:6)
  A howler monkey (D:3)
  4 hounds
  A gnoll shaman (D:5)
  A jelly (D:6)
  3 orc wizards
  4 iguanas
  16 gnolls
  8 adders
  A white imp (D:6)
  An ufetubus (D:4)
  4 worms
  4 dart slugs
  12 orcs
  13 ball pythons
  6 endoplasms
  5 giant cockroaches
  8 goblins
  2 hobgoblins
  3 jackals (D:1)
  13 kobolds
  7 quokkas
  8 bats
  3 frilled lizards
  9 rats
150 creatures vanquished.

Vanquished Creatures (others)
  4 plants (D:2)
4 creatures vanquished.

Grand Total: 154 creatures vanquished

Notes
Turn   | Place    | Note
-------+----------+-------------------------------------------
     0 | D:1      | Ajdolov the Formicid Hunter began the quest for the Orb.
     0 | D:1      | Reached XP level 1. HP: 16/16 MP: 1/1
   304 | D:1      | Reached XP level 2. HP: 22/22 MP: 2/2
   473 | D:1      | Reached XP level 3. HP: 26/27 MP: 3/3
   579 | D:1      | Reached skill level 5 in Crossbows
  1220 | D:2      | Found a faded altar of an unknown god.
  1226 | D:2      | Got Plato's Collected Works on Necromancy
  1241 | D:2      | Reached XP level 4. HP: 29/33 MP: 4/4
  1455 | D:2      | Found a radiant altar of Vehumet.
  2133 | D:3      | Reached skill level 6 in Crossbows
  2133 | D:3      | Reached XP level 5. HP: 32/38 MP: 5/5
  3534 | D:3      | Reached XP level 6. HP: 44/44 MP: 6/6
  3719 | D:3      | Reached skill level 7 in Crossbows
  3894 | D:4      | Noticed a black bear
  4693 | D:5      | Entered Level 5 of the Dungeon
  4832 | D:4      | Reached XP level 7. HP: 48/50 MP: 7/7
  4838 | D:4      | Reached skill level 8 in Crossbows
  5020 | D:4      | Noticed Menkaure
  5053 | D:4      | Killed Menkaure
  6098 | D:5      | Reached XP level 8. HP: 13/58 MP: 8/8
  6380 | D:5      | Reached skill level 9 in Crossbows
  7549 | D:5      | Noticed Sigmund
  7579 | D:5      | Killed Sigmund
  8137 | D:4      | Reached skill level 10 in Crossbows
  8554 | D:6      | Found a staircase to the Ecumenical Temple.
  8563 | D:6      | Reached skill level 5 in Fighting
  8617 | D:6      | Reached XP level 9. HP: 24/61 MP: 9/9
  8692 | Temple   | Entered the Ecumenical Temple
  9063 | Temple   | Became a worshipper of Fedhas Madash
 10569 | D:6      | Found Umpugat's Assorted Antiques.
 10685 | D:5      | You fall into a shaft and drop 2 floors!
 10685 | D:7      | HP: 2/68 [poisoned by a scorpion]
 11068 | D:7      | Noticed a hornet
 11165 | D:7      | Found a sand-covered staircase.
 11170 | Ossuary  | Entered an ossuary
 11243 | D:7      | Reached skill level 11 in Crossbows
 11251 | D:7      | HP: 3/69 [poisoned by a hornet]
 11252 | D:7      | Succumbed to a hornet's poison

Illustrated notes

Levels and vault maps discovered:
D:1:      mrwooster_arrival_statue_3, layout_basic
D:2:      layout_loops_cross, shapermc_ecumenical_altar_rom_forum, basic_altar,
          amcnicky_mini_pool_small
D:3:      minmay_chambers_of_threes, layout_basic
D:4:      layout_cave_pods, uniq_menkaure
D:5:      layout_basic, uniq_sigmund
D:6:      layout_cave_pools, minmay_temple_entry_statues_fountains,
          serial_shops, nicolae_diamond_shop, serial_bayou_pond_e
D:7:      layout_loops_ring, enter_ossuary_2, minmay_manual_monstrance,
          uniq_joseph
Temple:   mainiacjoe_temple_trianglar_array

Skill      XL: |  1  2  3  4  5  6  7  8  9 |
---------------+----------------------------+-----
Crossbows      | 5 6 7 8 10 11 | 11.0
Fighting       | 3 5 6 |  6.1
Dodging        | |  1.7
Stealth        | |  1.2

Action                   |  1- 3 |  4- 6 |  7- 9 || total
-------------------------+-------+-------+-------++-------
Melee: Dagger            |       |    69 |   440 ||   509
       Whip              |       |    14 |       ||    14
       Punch             |       |     1 |     6 ||     7
 Fire: Hand crossbow     |   113 |   248 |   169 ||   530
 Abil: Shaft Self        |       |       |     1 ||     1
Evoke: Wand              |       |       |     4 ||     4
  Use: Potion            |       |       |     8 ||     8
       Scroll            |       |       |     1 ||     1
Armor: Leather armour    |    16 |    39 |    71 ||   126
Dodge: Dodged            |    22 |    85 |   227 ||   334

Table legend: (Time is in decaauts)
 A = Elapsed time spent in this place.
 B = Non-inter-level travel time spent in this place.
 C = Inter-level travel time spent in this place.
 D = Time resting spent in this place.
 E = Time spent auto-exploring this place.
 F = Levels seen in this place.
 G = Mean time per level.
                   A        B        C        D        E       F      G
               +--------+--------+--------+--------+--------+-----+--------+
         Total |  11166 |  10618 |    548 |   4008 |   4357 |   9 | 1240.7 |
       Dungeon |  10758 |  10240 |    518 |   3901 |   4097 |   7 | 1536.9 |
        Temple |    402 |    372 |     30 |    107 |    260 |   1 |  402.0 |
       Ossuary |      5 |      5 |      0 |      0 |      0 |   1 |    5.0 |
               +--------+--------+--------+--------+--------+-----+--------+

Top non-repeatable levels by time:
     D:5: 2818 daAuts
     D:3: 2002 daAuts
     D:4: 1913 daAuts
     D:2: 1413 daAuts
     D:6: 1039 daAuts
     D:1: 1024 daAuts
     D:7: 547 daAuts
  Temple: 402 daAuts
 Ossuary: 5 daAuts
